Map: Dash and Terminal LE (Void)

Players

AcerBly (Bly)

  • Race: Zerg Zerg
  • League: Master

Beastyqt - Winner!

  • Race: Terran Terran
  • League: Diamond

VOD

Have the link to the VOD?

Description

Time

  • Played on: Sept. 5, 2015, 6:17 p.m.
  • Length: 17:35
Show
View Real Time Build Order
Export as new Build Order

AcerBly Zerg 

Build Orders: Hatch First 

Get SALT Encoding   

  12  0:01  Drone  
  13  0:12  Overlord  
  13  0:18  Drone  
  14  0:31  Drone x2  
  14  0:35  Drone  
  17  0:53  Hatchery  
  16  0:58  Drone  
  16  1:01  Extractor  
  16  1:15  Drone, Spawning Pool  
  16  1:19  Drone  
  17  1:27  Drone  
  17  1:32  Drone  
  19  1:40  Overlord  
  19  2:06  Queen  
  19  2:07  Queen, Zergling x6  
  26  2:13  Overlord  
  26  2:17  Drone  
  26  2:22  Drone  
  28  2:32  Drone  
  28  2:34  Drone  
  30  2:40  Overlord  
  30  2:44  Queen  
  32  3:00  Roach Warren  
  32  3:03  Drone x4  
  35  3:14  Overlord  
  35  3:15  Drone x2  
  37  3:24  Drone x2  
  37  3:25  Drone  
  37  3:26  Overlord  
  39  3:44  Roach  
  39  3:45  Roach x4  
  49  3:53  Overlord  
  48  3:55  Drone x2  
  48  3:56  Drone, Spore Crawler  
  48  4:02  Drone x2  
  51  4:03  Drone  
  51  4:06  Overlord  
  51  4:08  Ravager x2  
  51  4:09  Ravager  
  55  4:19  Ravager  
  55  4:23  Evolution Chamber  
  55  4:36  Drone x2  
  55  4:37  Drone x6  
  63  4:38  Extractor  
  63  4:40  Extractor  
  63  4:41  Overlord  
  61  4:46  Lair  
  61  5:01  Drone x3  
  61  5:02  Hatchery  
  58  5:22  Roach x4  
  58  5:23  Overlord  
  58  5:26  Drone  
  67  5:28  Drone x2  
  67  5:31  Overlord  
  67  5:34  Overlord  
  67  5:35  Drone x2  
  71  5:37  Overlord  
  71  5:44  Glial Reconstitution  
  71  5:48  Drone  
  71  5:49  Drone  
  74  5:50  Drone x2, Extractor  
  74  5:51  Overlord  
  74  5:56  Overseer  
  74  5:58  Roach  
  76  6:05  Overlord  
  76  6:11  Roach  
  76  6:12  Roach x3  
  76  6:17  Overlord  
  84  6:27  Drone  
  84  6:28  Drone x2  
  87  6:34  Drone x2  
  89  6:41  Drone x6  
  89  6:44  Overlord  
  89  6:46  Overlord  
  95  6:51  Overlord  
  93  7:00  Ravager x4  
  92  7:04  Drone x4  
  92  7:05  Drone x3  
  95  7:13  Overlord  
  82  7:23  Drone x2, Spire  
  82  7:24  Drone x2  
  82  7:27  Drone x3  
  82  7:28  Queen  
  90  7:34  Overlord  
  90  7:36  Overlord  
  85  7:39  Ravager x5  
  90  7:46  Overlord  
  87  7:52  Drone x2  
  87  7:53  Drone  
  87  7:55  Queen  
  89  8:01  Drone x2  
  89  8:02  Drone  
  89  8:04  Drone x3  
  89  8:05  Spore Crawler  
  94  8:08  Queen x2  
  94  8:09  Roach  
  99  8:13  Drone x3  
  98  8:31  Extractor  
  98  8:32  Roach x5, Extractor  
  98  8:34  Hatchery  
  102  8:37  Zerg Missile Weapons Level 1  
  102  8:39  Queen  
  104  8:41  Roach  
  106  8:58  Roach  
  106  8:59  Roach x6  
  120  9:04  Drone x3, Hydralisk Den  
  120  9:06  Spore Crawler  
  120  9:08  Overlord  
  121  9:26  Tunneling Claws  
  121  9:28  Burrow, Infestation Pit  
  117  9:42  Roach x2  
  117  9:43  Roach x11  
  134  9:53  Hatchery  
  126  10:07  Hydralisk x6  
  98  10:25  Roach x8  
  98  10:26  Roach  
  89  10:45  Roach x5  
  89  10:46  Roach x5  
  107  11:00  Corruptor x4  
  113  11:13  Hydralisk x4  
  121  11:27  Evolution Chamber, Hive  
  120  11:53  Hydralisk x5  
  120  11:54  Hydralisk x3  
  122  11:59  Roach x20  
  136  12:01  Hatchery  
  136  12:02  Zerg Missile Weapons Level 2  
  136  12:05  Evolution Chamber  
  136  12:06  Roach x17  
  134  12:10  Roach  
  134  12:11  Infestor x3  
  106  12:44  Greater Spire  
  106  12:46  Hydralisk x11  
  128  12:54  Roach x2  
  128  12:58  Roach  
  128  13:06  Corruptor x2  
  128  13:07  Corruptor  
  128  13:09  Zerg Melee Weapons Level 1  
  132  13:29  Roach x4  
  140  13:35  Queen x4  
  111  14:10  Brood Lord x6  
  119  14:21  Brood Lord  
  115  14:36  Viper  
  115  14:38  Drone x11  
  121  14:53  Hatchery  
  120  15:13  Hatchery  
  119  15:20  Viper x3  
  126  15:24  Drone x3  
  102  15:39  Drone  
  102  15:40  Drone x3  
  99  16:26  Hatchery  
  98  16:47  Infestor  
Show
View Real Time Build Order
Export as new Build Order

Beastyqt Terran - Winner!

Build Orders: 1/1/1, Liberator Opening, MMM Bio 

Get SALT Encoding   

  12  0:01  SCV  
  13  0:13  SCV  
  14  0:18  Supply Depot  
  14  0:26  SCV  
  15  0:28  Refinery  
  15  0:39  SCV  
  16  0:45  Barracks  
  16  0:51  SCV  
  17  0:59  Refinery  
  17  1:03  SCV  
  18  1:16  SCV  
  19  1:28  SCV  
  20  1:32  Marine  
  20  1:33  Factory  
  21  1:43  Orbital Command  
  21  1:50  Marine  
  22  2:04  Supply Depot  
  22  2:09  SCV  
  22  2:10  Barracks Reactor  
  23  2:20  Starport  
  23  2:26  SCV  
  24  2:34  Armory  
  24  2:38  SCV  
  24  2:40  Liberator  
  24  2:43  Supply Depot  
  25  2:50  SCV  
  28  3:02  SCV, Hellion  
  31  3:09  Hellion  
  33  3:15  Supply Depot  
  33  3:17  SCV  
  34  3:22  Liberator  
  34  3:26  Hellion  
  36  3:31  Hellion  
  41  3:49  SCV  
  41  3:50  Supply Depot  
  41  3:51  Hellion  
  46  4:02  Hellion  
  46  4:11  Liberator  
  46  4:20  Command Center, SCV  
  50  4:37  SCV  
  51  4:47  Marine x2  
  51  4:48  Factory Tech Lab  
  51  4:49  Barracks  
  51  4:50  SCV  
  53  5:03  SCV  
  53  5:04  Liberator  
  47  5:07  Marine x2  
  47  5:08  Siege Tank  
  50  5:15  SCV  
  49  5:25  Marine x2  
  49  5:27  SCV  
  50  5:33  Orbital Command  
  50  5:39  SCV  
  51  5:51  SCV, Barracks  
  51  5:53  Engineering Bay  
  51  5:54  Marauder, Marine x2  
  56  5:57  Stimpack  
  56  5:59  SCV  
  56  6:03  SCV  
  58  6:10  Factory Reactor  
  59  6:11  SCV  
  59  6:15  SCV  
  59  6:18  Starport Reactor  
  60  6:19  Marauder, Marine x2  
  60  6:21  Terran Infantry Weapons Level 1  
  60  6:23  SCV  
  65  6:27  SCV  
  66  6:35  SCV  
  68  6:40  Command Center, SCV  
  68  6:41  Marine  
  69  6:47  SCV  
  69  6:53  Factory Tech Lab  
  70  6:54  Supply Depot  
  70  6:57  Supply Depot  
  70  7:09  Supply Depot  
  70  7:11  Supply Depot  
  70  7:15  Refinery x2  
  70  7:16  SCV x2, Marauder, Marine x4  
  70  7:18  Medivac x2  
  82  7:27  Siege Tank  
  85  7:31  SCV  
  85  7:33  SCV  
  85  7:34  Marine  
  88  7:37  Marine x2  
  88  7:38  Marauder  
  88  7:40  Supply Depot  
  92  7:44  Marine  
  92  7:49  SCV, Engineering Bay  
  94  7:55  SCV  
  95  7:58  Marine  
  95  7:59  Marauder, Marine  
  95  8:00  Siege Tank  
  95  8:01  Medivac x2  
  95  8:02  Marine  
  95  8:05  SCV  
  108  8:07  Marine  
  108  8:09  SCV  
  110  8:16  Terran Infantry Weapons Level 2, Marine  
  110  8:17  SCV  
  109  8:21  SCV  
  109  8:23  Orbital Command  
  110  8:31  Marauder, Marine x3  
  112  8:34  Combat Shields, Marine  
  113  8:43  Siege Tank  
  113  8:46  Supply Depot x2  
  113  8:47  Supply Depot  
  116  8:48  Marine  
  116  8:49  Marine x2  
  116  8:53  Marine x2  
  121  8:59  SCV x2  
  121  9:00  SCV  
  124  9:05  Missile Turret  
  124  9:06  Terran Infantry Armor Level 1, Marine  
  124  9:07  Missile Turret, Marine  
  124  9:08  Terran Vehicle Weapons Level 1  
  126  9:15  Siege Tank  
  126  9:16  Marine x2  
  131  9:22  Marine  
  132  9:24  Marine  
  132  9:25  SCV  
  132  9:26  SCV  
  132  9:27  Command Center, Marine  
  136  9:34  Marine x2  
  136  9:40  Marine  
  136  9:41  SCV  
  136  9:42  Marine  
  136  9:43  Medivac x2  
  139  9:46  Marine  
  139  9:49  Barracks  
  139  9:50  Barracks  
  139  9:52  Marine x2  
  142  9:57  Siege Tank  
  142  9:58  Marine  
  145  10:00  Marine  
  145  10:04  Marine  
  145  10:05  SCV  
  145  10:06  SCV  
  145  10:10  Marine x2  
  145  10:13  Medivac  
  147  10:18  SCV, Marine x2  
  138  10:22  Marine  
  138  10:25  SCV  
  138  10:27  Refinery, Marine x2  
  138  10:28  Refinery  
  142  10:31  Barracks  
  142  10:33  Barracks x2  
  142  10:35  Marine  
  142  10:36  Marauder  
  142  10:38  Siege Tank  
  142  10:40  Marine  
  137  10:45  Marine x2  
  137  10:53  SCV, Marine, Liberator x2  
  137  10:54  SCV, Barracks Tech Lab  
  137  10:55  Barracks Reactor, Barracks  
  140  10:57  Marine  
  140  10:58  Marine  
  140  11:03  Marine  
  143  11:04  Marine  
  143  11:10  Siege Tank  
  143  11:11  Terran Infantry Weapons Level 3, Marine  
  151  11:15  Marine x2  
  154  11:25  Planetary Fortress  
  153  11:30  Command Center  
  153  11:32  Missile Turret  
  153  11:33  Sensor Tower  
  153  11:36  SCV  
  153  11:37  SCV  
  155  11:44  Missile Turret  
  155  11:46  Marine  
  155  11:47  Marine  
  156  11:48  Missile Turret  
  156  11:49  Liberator, Sensor Tower, Marine x2  
  156  11:52  Marine  
  156  11:53  Terran Infantry Armor Level 2, Marine  
  161  11:58  Refinery x2  
  161  12:07  Command Center  
  161  12:08  Terran Ship Weapons Level 1  
  164  12:27  Marine x2  
  164  12:28  Marine  
  159  12:30  Liberator  
  159  12:32  Liberator  
  159  12:35  Supply Depot  
  159  12:36  Supply Depot  
  159  12:42  Command Center  
  159  12:48  Marauder, Marine x3  
  159  12:49  Marine  
  159  12:51  Missile Turret, Marine x3  
  171  12:52  Missile Turret x2  
  174  13:06  Missile Turret  
  174  13:08  Missile Turret  
  174  13:19  Armory  
  174  13:22  Barracks Tech Lab x2  
  174  13:23  Barracks Tech Lab  
  174  13:34  Starport x3  
  174  13:37  Command Center  
  174  13:42  Missile Turret  
  174  13:43  Planetary Fortress  
  174  13:44  Liberator x2  
  174  13:45  Marine x2  
  174  13:46  Barracks Tech Lab  
  176  13:58  Marine  
  176  14:00  Marauder x2, Marine  
  176  14:02  Marine  
  177  14:04  Marine x2  
  177  14:05  Marine x2  
  177  14:08  Planetary Fortress  
  178  14:11  Terran Infantry Armor Level 3  
  178  14:15  Refinery  
  178  14:17  Refinery  
  178  14:23  Marine x2  
  178  14:24  Marine x5  
  181  14:31  Marine x2  
  183  14:35  Starport Tech Lab x2  
  164  14:46  Viking x2  
  164  14:47  Starport Tech Lab  
  164  14:49  Marine  
  164  14:52  Command Center  
  169  14:56  Terran Ship Weapons Level 2  
  169  14:57  Terran Vehicle And Ship Armor Level 1  
  169  15:05  Starport  
  169  15:06  Marine x3  
  172  15:07  Starport  
  172  15:09  Starport  
  172  15:10  Orbital Command  
  171  15:15  Viking x3  
  177  15:22  Marine  
  177  15:23  Marine  
  176  15:32  Viking x2  
  176  15:33  Marine x3  
  178  15:45  Viking  
  178  15:47  Refinery  
  178  15:49  Refinery, Missile Turret  
  160  15:51  Command Center, Missile Turret  
  160  15:53  Starport Tech Lab x3  
  160  15:55  Fusion Core  
  160  16:07  Planetary Fortress  
  160  16:14  Viking, Marine  
  160  16:15  Marine x8  
  160  16:16  Marine  
  172  16:20  Marine x2  
  172  16:30  Medivac x2  
  172  16:32  Marine  
  173  16:33  Marine x8  
  173  16:34  Marine  
  173  16:38  Marine x2  
  175  16:50  Marine  
  175  16:51  Marine x5  
  180  16:59  Viking  
  200  17:07  Marine x2  
Tags
 
Add a new tag
Caveats
  • Supply blocks, unpowered buildings, or Contaminate may cause inaccurate times.
  • Supply counts are checked every 10 seconds.